 Dungeon Crawl Stone Soup version 0.30.1-3-gfc49f6343a (webtiles) character file.

Game seed: 10571598773514462064

605 shmup the Firebug (level 7, 0/36 HPs)
             Began as a Tengu Fire Elementalist on July 27, 2023.
             Was an Initiate of Qazlal.
             Slain by Duvessa
             ... wielding a +0 rapier
              (15 damage)
             ... on level 4 of the Dungeon.
             The game lasted 00:09:13 (4069 turns).

shmup the Firebug (Tengu Fire Elementalist)         Turns: 4069, Time: 00:09:14

Health: 0/36       AC:  3    Str:  8    XL:     7   Next: 42%
Magic:  0/11       EV: 14    Int: 17    God:    Qazlal [......]
Gold:   195        SH:  0    Dex: 15    Spells: 7/10 levels left

rFire   . . .        a - +3 spear (flame)
rCold   . . .        (no shield)
rNeg    . . .        z - +0 robe
rPois   .            (helmet restricted)
rElec   .            (no cloak)
rCorr   .            w - +0 pair of gloves
SInv    .            (boots unavailable)
Will    .....        (no amulet)
Stlth   ++           (no ring)
HPRegen 0.26/turn    (no ring)
MPRegen 0.12/turn

%: no passive effects
@: flying quickly and evasively, quick
A: beak, talons 3, nimble flight
a: Renounce Religion


You were on level 4 of the Dungeon.
You worshipped Qazlal.
Qazlal was noncommittal.
You visited 2 branches of the dungeon, and saw 5 of its levels.

You collected 195 gold pieces.

Inventory:

Hand Weapons
 a - a +3 spear of flaming (weapon)
 m - a +0 short sword
 n - a +0 rapier
 o - a +0 dagger
 A - a +5 spear
Missiles
 c - 17 poisoned darts (quivered)
 j - 59 stones
 k - 5 boomerangs
 y - 6 javelins
Armour
 u - an orb of mayhem
 w - a +0 pair of gloves (worn)
 z - a +0 robe (worn)
Magical Staves
 l - a staff of cold
Scrolls
 g - a scroll of immolation
 p - a scroll of fog {unknown}
 q - 2 scrolls of teleportation {unknown}
 r - a scroll of magic mapping {unknown}
 s - a scroll of silence {unknown}
 t - a scroll of fear {unknown}
 v - 2 scrolls of blinking
 x - a scroll of torment {unknown}
 C - a scroll of enchant weapon {unknown}
Potions
 d - 2 potions of curing
 e - a potion of flight {unknown}
 f - a potion of berserk rage {unknown}
 h - 2 potions of heal wounds
 i - a potion of haste {unknown}
 B - a potion of lignification {unknown}


   Skills:
 - Level 2.1 Dodging
 - Level 2.0 Stealth
 - Level 2.0 Spellcasting
 + Level 5.8 Conjurations
 * Level 7.7 Fire Magic


You had 7 spell levels left.
You knew the following spells:

 Your Spells              Type           Power      Damage    Failure   Level
a - Foxfire               Conj/Fire      96%        2x1d8     1%          1
b - Scorch                Fire           56%        2d7       1%          2

Your spell library contained the following spells:

 Spells                   Type           Power      Damage    Failure   Level
 Inner Flame              Hex/Fire       14%        N/A       12%         3
 Volatile Blastmotes      Fire/Tloc      28%        2d12      12%         3
 Flame Wave               Conj/Fire      24%        2d8       12%         4
 Mephitic Cloud           Conj/Pois/Air  8%         N/A       26%         3
 Poisonous Vapours        Pois/Air       2%         N/A       28%         2
 Freezing Cloud           Conj/Ice/Air   4%         6-21      94%         5


Dungeon Overview and Level Annotations

Branches:
Dungeon (4/15)             Temple (1/1) D:4

Altars:
Ashenzari
Cheibriados
Fedhas
Hepliaklqana
Kikubaaqudgha
Qazlal
Trog
Uskayaw
Wu Jian
Xom
Yredelemnul
Zin

Annotations:
D:4 1 runed translucent door, 3 exclusions, Duvessa; TheMostRev's ghost, amateur MeEE


Innate Abilities, Weirdness & Mutations

You have a beak for a mouth.
You have claws for feet.
Your magical nature lets you fly swiftly and evasively.


Message History

Confirm with . or Enter, or press ? or * to list all spells.
You can't see any susceptible monsters within range! (Use Z to cast anyway.) Duvessa rages.
Casting: Foxfire (safe; 1% risk of failure)
Confirm with . or Enter, or press ? or * to list all spells.
Flames lash Duvessa.
Duvessa is moderately wounded.
Duvessa's fire resistance burns away.
Casting: Scorch (safe; 1% risk of failure)
Confirm with . or Enter, or press ? or * to list all spells.
Flames lash Duvessa.
Duvessa is burned terribly!
Duvessa is moderately wounded.
Duvessa closely misses you.
Casting: Scorch (safe; 1% risk of failure)
Confirm with . or Enter, or press ? or * to list all spells.
Flames lash Duvessa.
Duvessa is burned terribly!
Duvessa is heavily wounded.
Duvessa hits you with a +0 rapier. Duvessa hits you with a +0 rapier!
* * * LOW HITPOINT WARNING * * *
Casting: Scorch (safe; 1% risk of failure)
Confirm with . or Enter, or press ? or * to list all spells.
Flames lash Duvessa.
Duvessa is burned terribly!
Duvessa is severely wounded.
Duvessa hits you with a +0 rapier!
* * * LOW HITPOINT WARNING * * *
Casting: Scorch (safe; 1% risk of failure)
Confirm with . or Enter, or press ? or * to list all spells.
Flames lash Duvessa.
Duvessa is burned terribly!
Duvessa is almost dead.
Duvessa misses you. Duvessa barely misses you.
Casting: Scorch (safe; 1% risk of failure)
Confirm with . or Enter, or press ? or * to list all spells.
You don't have enough magic to cast this spell.
Casting: Scorch (safe; 1% risk of failure)
Confirm with . or Enter, or press ? or * to list all spells.
Okay, then.
Casting: Scorch (safe; 1% risk of failure)
Confirm with . or Enter, or press ? or * to list all spells.
You conjure some foxfire!
Duvessa hits you with a +0 rapier!
You die...

▒▒▒▒▒..........▒b ▒▒▒▒▒▒.▒▒▒
)........▒▒▒▒▒▒▒. ▒....▒.▒▒▒
.▒▒▒▒▒▒▒.▒ ~~~ ▒▒▒▒.▒....
.........▒ ~ ▒.......▒▒
▒▒▒▒▒▒▒▒.▒▒▒▒▒▒▒▒▒▒▒........
▒.▒▒.▒..▒▒.▒▒.▒.▒.▒▒▒
▒.▒▒.▒▒.▒▒.▒▒.▒.▒.▒▒▒
▒.▒▒v▒...▒.▒▒.▒.▒....
▒..eQv.>....).)....▒▒
).......▒▒▒▒....▒▒▒.▒▒▒....
....▒▒.▒▒ ▒▒.▒.▒▒▒.▒▒▒.▒▒▒
▒▒ ▒.▒▒▒▒▒▒...........▒ ~
▒..>...▒▒▒.▒▒▒.▒▒▒.▒~P
▒▒▒▒▒▒▒▒▒▒▒.▒▒...▒▒.▒ ▒.▒~~
▒...................▒ ▒.▒P~
▒.▒▒▒▒▒▒▒▒.▒▒▒...▒▒▒▒ ▒.▒..
▒▒.▒▒▒▒...▒.▒ ▒▒.▒▒ ▒.▒~.


You could see Duvessa (berserk, combustible, ally target).

Vanquished Creatures
  Grinder (D:4)
  An ogre (D:4)
  Dowan (D:4)
  An iguana (D:4)
  Robin (D:4)
  8 gnolls
  5 adders
  3 worms
  3 dart slugs
  3 orcs (D:3)
  7 ball pythons
  10 endoplasms
  2 giant cockroaches
  8 goblins
  9 hobgoblins
  2 jackals (D:4)
  10 kobolds
  3 quokkas
  5 bats
  7 frilled lizards
  3 rats
93 creatures vanquished.

Vanquished Creatures (others)
  A human (D:3)
  180 foxfires
181 creatures vanquished.

Grand Total: 274 creatures vanquished

Notes
Turn   | Place    | Note
-------+----------+-------------------------------------------
     0 | D:1      | shmup the Tengu Fire Elementalist began the quest for the
                  | Orb.
     0 | D:1      | Reached XP level 1. HP: 10/10 MP: 4/4
   218 | D:1      | Reached XP level 2. HP: 8/15 MP: 1/6
   269 | D:1      | Learned a level 2 spell: Scorch
   581 | D:1      | Reached skill level 4 in Fire Magic
   692 | D:2      | Found a broken altar of Ashenzari.
   755 | D:2      | Reached XP level 3. HP: 19/19 MP: 5/7
  1567 | D:3      | Reached XP level 4. HP: 24/24 MP: 5/8
  1929 | D:3      | Reached skill level 5 in Fire Magic
  2248 | D:3      | Found an ancient bone altar of Kikubaaqudgha.
  2248 | D:3      | Noticed a human
  2251 | D:3      | Killed a human
  2516 | D:3      | Gained mutation: Your magical nature lets you fly swiftly
                  | and evasively. [Tengu growth]
  2516 | D:3      | Reached XP level 5. HP: 16/28 MP: 0/9
  2783 | D:4      | Noticed Robin
  2798 | D:4      | Killed Robin
  2926 | D:4      | Found a staircase to the Ecumenical Temple.
  2950 | Temple   | Entered the Ecumenical Temple
  3048 | Temple   | Became a worshipper of Qazlal Stormbringer
  3198 | D:4      | Reached skill level 6 in Fire Magic
  3352 | D:4      | Noticed a phantom
  3430 | D:4      | Reached XP level 6. HP: 32/32 MP: 8/10
  3483 | D:4      | Noticed Grinder
  3496 | D:4      | Killed Grinder
  3497 | D:4      | Reached skill level 5 in Conjurations
  3497 | D:4      | Reached skill level 7 in Fire Magic
  3497 | D:4      | Reached XP level 7. HP: 17/36 MP: 1/11
  3857 | D:4      | Found a runed translucent door.
  3876 | D:4      | Noticed TheMostRev's ghost (amateur MeEE)
  3958 | D:4      | Noticed Dowan
  3972 | D:4      | Killed Dowan
  4060 | D:4      | Noticed Duvessa
  4069 | D:4      | Slain by Duvessa

Illustrated notes

Levels and vault maps discovered:
D:1:      wheals_arrival_shading, layout_rooms, amcnicky_mini_pool_small
D:2:      layout_rooms, basic_altar, chequers_serial_rivers_marsh,
          minmay_indecisive_spiral
D:3:      layout_loops_cross, tgw_kikubaaqudgha, roderic_lattice_a,
          dreamdust_mushroom_princess
D:4:      layout_loops_ring, minmay_temple_entry_wispy,
          ebering_ghost_inner_flame, serial_aquarium,
          aquarium_bridge_island_small [aquarium_subvault_small_water,
          aquarium_subvault_window, aquarium_subvault_bridge,
          aquarium_subvault_balcony, aquarium_subvault_bridge],
          aquarium_window_1, aquarium_window_1, aquarium_view_2e,
          aquarium_view_2g, aquarium_balcony_3b, aquarium_pool_side, uniq_robin,
          uniq_grinder, uniq_duvessa
Temple:   jpeg_temple_clearing

Skill      XL: |  1  2  3  4  5  6 |
---------------+-------------------+-----
Conjurations   | 2 3 4 5 |  5.8
Fire Magic     | 4 5 6 7 |  7.7
Dodging        | |  2.1
Stealth        | |  2.0
Spellcasting   | |  2.0

Action                     |  1- 3 |  4- 6 |  7- 9 || total
---------------------------+-------+-------+-------++-------
  Melee: Dagger            |       |     2 |       ||     2
         Spear             |       |    21 |     3 ||    24
         Kick              |       |     5 |     1 ||     6
         Peck              |       |     2 |       ||     2
   Cast: Foxfire           |    61 |    39 |     8 ||   108
         Scorch            |     2 |    30 |    11 ||    43
    Use: Scroll            |       |     3 |       ||     3
         Potion            |       |     1 |       ||     1
 Armour: Robe              |     5 |     4 |     2 ||    11
  Dodge: Dodged            |    15 |    16 |     6 ||    37
